 Dungeon Crawl Stone Soup version 0.25-a0-665-ga69d64035b (webtiles) character file.

Game seed: 2704000637671104480, levelgen mode: deterministic

72 DasRunzen the Slasher (level 3, 0/30 HPs)
             Began as a Demigod Gladiator on Mar 26, 2020.
             Succumbed to an adder's poison
             ... on level 2 of the Dungeon.
             The game lasted 00:02:36 (1222 turns).

DasRunzen the Slasher (Demigod Gladiator)           Turns: 1222, Time: 00:02:36

Health: 0/30       AC:  4    Str: 17    XL:     3   Next: 82%
Magic:  7/7        EV: 13    Int: 18    God:
Gold:   100        SH:  0    Dex: 17    Spells: 4/4 levels left

rFire    . . .     SeeInvis .   a - +0 long sword
rCold    . . .     Gourm    .   (no shield)
rNeg     . . .     Faith    .   b - +0 leather armour
rPois    .         Spirit   .   c - +0 helmet
rElec    .         Reflect  .   (no cloak)
rCorr    .         Harm     .   (no gloves)
MR       .....                  (no boots)
Stlth    +.........             (no amulet)
HPRegen  0.10/turn              i - +4 ring of intelligence (curse)
MPRegen  0.10/turn              (no ring)

@: lethally poisoned (0 -> -3), very slightly contaminated, invisible
A: high mp 1
a: no special abilities


You were on level 2 of the Dungeon.
You were not hungry.

You visited 1 branch of the dungeon, and saw 2 of its levels.

You collected 100 gold pieces.

Inventory:

Hand Weapons
 a - a +0 long sword (weapon)
Missiles
 d - 3 throwing nets (quivered)
Armour
 b - a +0 leather armour (worn)
 c - a +0 helmet (worn)
Jewellery
 h - an uncursed ring of ice
 i - a cursed +4 ring of intelligence (left hand)
Scrolls
 e - a scroll of remove curse
Comestibles
 f - 2 rations


   Skills:
 + Level 2.3 Fighting
 + Level 3.1 Long Blades
 - Level 1.7 Throwing
 + Level 1.2 Armour
 + Level 3.1 Dodging
 + Level 1.1 Spellcasting


You had 4 spell levels left.
You didn't know any spells.
Your spell library was empty.

Dungeon Overview and Level Annotations

Branches:
Dungeon (2/15)


Innate Abilities, Weirdness & Mutations

You have an increased reservoir of magic. (+10% MP)


Message History

You feel sick. The worm bites you.
You hit the worm.
The worm is severely wounded.
The worm bites you!
* * * LOW HITPOINT WARNING * * *
You hit the worm.
The worm is almost dead.
* * * LOW HITPOINT WARNING * * *
You feel sick. The worm closely misses you.
You riposte.
You hit the worm.
You kill the worm!
It was a potion of invisibility.
You fade into invisibility!
You are very lightly contaminated with residual magic.
* * * LOW HITPOINT WARNING * * *
You feel sick.
Things that are here:
a +0 club; a worm corpse; a goblin corpse
There is a lethal amount of poison in your body!
There is a lethal amount of poison in your body!
You die...

#.. #.# #. #.# #.#
####.#######.#
...#.#.......#
...#.#.......#
...#.#.......###
...#.#.........########
...'<'...†.....'@>....#
...###.........##..####
.........##....##..#
........†########..#
................#..#
................#..#
................#..#
#####.#.#.......#..#####
........##'###...........


There were no monsters in sight!

Vanquished Creatures
  3 adders (D:2)
  An ooze (D:2)
  2 worms (D:2)
  2 leopard geckos
  A giant cockroach (D:1)
  3 goblins
  3 hobgoblins
  2 ball pythons (D:1)
  5 bats
  4 frilled lizards
  3 kobolds (D:1)
  10 rats
39 creatures vanquished.

Vanquished Creatures (others)
  4 toadstools (D:2)
4 creatures vanquished.

Grand Total: 43 creatures vanquished

Notes
Turn   | Place    | Note
-------+----------+-------------------------------------------
     0 | D:1      | DasRunzen the Demigod Gladiator began the quest for the
                  | Orb.
     0 | D:1      | Reached XP level 1. HP: 17/17 MP: 3/3
   222 | D:1      | Reached XP level 2. HP: 23/24 MP: 4/4
   996 | D:2      | Reached XP level 3. HP: 29/29 MP: 6/6
  1000 | D:2      | Reached skill level 1 in Armour
  1017 | D:2      | Reached skill level 1 in Spellcasting
  1219 | D:2      | HP: 1/30 [poisoned by an adder]
  1222 | D:2      | Succumbed to an adder's poison

Levels and vault maps discovered:
D:1:      tarquinn_simple_flora_water_f, layout_loops_ring
D:2:      cheibrodos_fertilizer, layout_basic,
          chequers_temple_overflow_minitemple, nemelex_dance_club_becter

Skill      XL: |  1  2  3 |
---------------+----------+-----
Fighting       | 2 |  2.3
Long Blades    | 3 |  3.1
Dodging        | 3 |  3.1
Armour         | 1 |  1.2
Spellcasting   | 1 |  1.1
Throwing       | |  1.7

Action                   || total
-------------------------++-------
Melee: Long sword        ||    98
  Use: Scroll            ||     4
       Potion            ||     2
 Stab: Distracted        ||     1
       Sleeping          ||     1
  Eat: Chunk             ||     1
Armor: Leather armour    ||    23
Dodge: Dodged            ||    71
       Rpst.: Long sword ||    22

Table legend:
 A = Non-vault XP
 B = Vault XP
 C = Vault XP percentage of total XP
 D = Non-vault monster count
 E = Vault monster count
 F = Vault count percentage of total count
                 A         B        C        D         E       F
            +---------+---------+-------+---------+---------+-------
      Total |     104 |       0 |   0.0 |      39 |       0 |   0.0
            +---------+---------+-------+---------+---------+-------
        D:1 |      28 |       0 |   0.0 |      19 |       0 |   0.0
        D:2 |      76 |       0 |   0.0 |      20 |       0 |   0.0
            +---------+---------+-------+---------+---------+-------
